AoeStats
← TBOMazatzi

African Clearing

505740915Analyzed
3v3 RM · 21d ago on Sep 10, 2026· 114m 19s· 6 players
Game mode
Random Map
Map size
Normal (6 player)
Population
200
Speed
Normal
Resources
Standard
Victory
Conquest
Starting age
Dark Age
Ending age
Imperial Age
RankedLock teamsTeams togetherTeam positionsShared explorationLock speedFull tech treeHidden civsTurbo modeCheats
Victory
Defeat
🇷🇸 Spanish · Serbia
1572
+13
🇦🇱 Lithuanians · Albania
1461
+17
🇳🇴 Mongols · Norway
1398
+21
🇲🇽 Mongols · Mexico
1498
-17
🇲🇽 Inca · Mexico
1492
-17
🇲🇽 Spanish · Mexico
1489
-17
UrielMazatzi
12:42 Feudal Age
13:59 Loom
17:26 Castle Age
15:35 Double-Bit Axe
16:21 Scale Mail Armor
19:05 Bow Saw
18:35 Horse Collar
19:52 Horse Collar
25:33 Heavy Plow
26:26 Wheelbarrow
26:59 Stone Mining
26:45 Champi Runner
26:45 Pikeman
27:25 Squires
28:02 Gold Mining
28:00 Champi Warrior
29:37 Chain Mail Armor
30:58 Hand Cart
30:29 Town Watch
30:41 Arson
35:01 Imperial Age
32:49 Fletching
33:59 Forging
34:04 Bodkin Arrow
36:02 Iron Casting
36:50 Andean Sling
37:10 Conscription
36:55 Fabric Shields
36:39 Elite Champi Warrior
38:40 Plate Mail Armor
39:10 Blast Furnace
38:44 Bracer
38:44 Padded Archer Armor
39:52 Padded Archer Armor
39:26 Elite Skirmisher
41:43 Chemistry
40:52 Thumb Ring
41:34 Leather Archer Armor
43:56 Crop Rotation
43:18 Pikeman
45:48 Conscription
45:59 Halberdier
48:40 Blast Furnace
48:12 Ring Archer Armor
53:11 Elite Kamayuk
63:45 Gold Shaft Mining
63:45 Stone Shaft Mining
68:33 Capped Ram
69:28 Siege Ram
83:31 Town Patrol
86:57 Hoardings
95:06 Ballistics
TBOMazatzi
9:54 Loom
12:28 Feudal Age
16:37 Castle Age
27:32 Town Watch
28:30 Wheelbarrow
27:51 Double-Bit Axe
30:31 Bow Saw
31:02 Horse Collar
31:36 Padded Archer Armor
35:28 Heavy Plow
37:39 Gold Mining
40:52 Imperial Age
39:25 Leather Archer Armor
39:40 Bloodlines
39:31 Husbandry
41:05 Stone Mining
41:56 Conscription
41:07 Elite Conquistador
42:28 Ring Archer Armor
45:18 Light Cavalry
46:05 Hussar
46:51 Scale Barding Armor
48:21 Chain Barding Armor
48:11 Forging
50:18 Two-Man Saw
51:55 Plate Barding Armor
53:22 Iron Casting
53:26 Supremacy
57:48 Hand Cart
67:29 Blast Furnace
100:58 Cavalier
TBO Comico
12:04 Loom
14:03 Feudal Age
18:20 Castle Age
18:08 Fletching
22:30 Double-Bit Axe
26:38 Town Watch
27:31 Bodkin Arrow
28:17 Horse Collar
30:03 Padded Archer Armor
32:11 Bow Saw
34:44 Wheelbarrow
34:09 Town Patrol
35:00 Ballistics
35:16 Thumb Ring
35:27 Heavy Plow
36:14 Gold Mining
36:14 Stone Mining
39:08 Imperial Age
37:02 Leather Archer Armor
37:09 Hand Cart
38:20 Bloodlines
38:11 Husbandry
40:14 Conscription
40:58 Chemistry
40:26 Elite Mangudai
41:47 Bracer
42:25 Parthian Tactics
53:50 Light Cavalry
54:37 Hussar
56:08 Scale Barding Armor
56:13 Forging
58:12 Chain Barding Armor
58:27 Iron Casting
96:53 Blast Furnace
Stratioti
12:54 Feudal Age
12:03 Loom
16:40 Castle Age
15:19 Double-Bit Axe
15:22 Horse Collar
17:59 Bow Saw
21:56 Wheelbarrow
22:25 Gold Mining
24:38 Heavy Plow
24:29 Stone Mining
25:39 Padded Archer Armor
26:42 Hand Cart
27:28 Husbandry
27:58 Bloodlines
28:25 Fletching
28:45 Town Watch
33:59 Imperial Age
32:35 Leather Archer Armor
35:04 Conscription
35:49 Two-Man Saw
36:45 Ring Archer Armor
37:54 Supremacy
38:07 Elite Conquistador
40:10 Scale Barding Armor
40:16 Forging
39:32 Cavalier
41:00 Guilds
41:22 Coinage
41:19 Chain Barding Armor
41:46 Stone Shaft Mining
41:56 Bodkin Arrow
43:52 Paladin
45:08 Iron Casting
46:06 Ballistics
46:49 Chemistry
46:00 Masonry
48:30 Banking
51:53 Plate Barding Armor
52:19 Blast Furnace
53:50 Bracer
56:11 Squires
55:58 Arson
55:35 Light Cavalry
56:53 Hoardings
62:06 Caravan
62:21 Hussar
77:40 Hussar
93:27 Hussar
114:48 Architecture
114:14 Murder Holes
Pyrro
9:31 Loom
12:52 Feudal Age
18:43 Castle Age
17:29 Double-Bit Axe
18:15 Horse Collar
21:00 Scale Barding Armor
23:12 Wheelbarrow
24:51 Bloodlines
27:16 Heavy Plow
28:44 Town Watch
29:16 Husbandry
38:40 Imperial Age
38:46 Imperial Age
39:04 Cavalier
40:33 Bow Saw
40:42 Hand Cart
42:47 Gold Mining
43:38 Chain Barding Armor
45:20 Forging
47:41 Paladin
49:59 Crop Rotation
50:41 Plate Barding Armor
50:07 Scale Mail Armor
52:32 Two-Man Saw
52:02 Light Cavalry
53:40 Pikeman
54:21 Squires
54:06 Arson
55:07 Halberdier
55:57 Winged Hussar
57:21 Town Patrol
59:59 Ballistics
60:40 Chemistry
67:10 Caravan
71:10 Chain Mail Armor
71:30 Iron Casting
72:20 Man-at-Arms
73:12 Long Swordsman
73:33 Capped Ram
76:18 Two-Handed Swordsman
77:37 Champion
102:18 Bombard Tower
101:22 Elite Skirmisher
ManWithScarf
12:22 Feudal Age
12:21 Loom
16:21 Castle Age
14:25 Double-Bit Axe
15:36 Horse Collar
20:20 Fletching
22:52 Bodkin Arrow
23:59 Padded Archer Armor
27:51 Husbandry
28:01 Bloodlines
29:08 Wheelbarrow
29:36 Bow Saw
30:13 Ballistics
35:25 Imperial Age
33:34 Gold Mining
35:12 Leather Archer Armor
35:02 Scale Barding Armor
35:37 Forging
36:23 Bracer
37:28 Chemistry
37:18 Conscription
37:46 Chain Barding Armor
37:37 Forging
38:54 Hand Cart
38:24 Town Watch
38:16 Light Cavalry
39:10 Elite Mangudai
40:37 Iron Casting
40:38 Hussar
42:27 Blast Furnace
44:10 Thumb Ring
44:31 Parthian Tactics
46:24 Hoardings
46:48 Masonry
47:36 Capped Ram
49:48 Siege Ram
50:45 Elite Skirmisher
51:22 Guard Tower
51:38 Siege Engineers
56:32 Siege Ram
59:46 Heavy Camel Rider
61:32 Caravan
85:15 Nomads
85:41 Drill
96:28 Heavy Plow
98:08 Onager
101:10 Heavy Scorpion
106:26 Elite Steppe Lancer
107:49 Siege Onager
113:00 Elite Steppe Lancer
Connection lost

Rejoining the realm…

Still unreachable

The connection could not be restored.

Session expired

The server has moved on; the page needs a fresh start.